 Dungeon Crawl Stone Soup version 0.19-a0-1008-g4c63d25 (webtiles) character file.

99304 nubinia the Eclecticist (level 15, 40/92 HPs)
             Began as a High Elf Air Elementalist on July 21, 2016.
             Was the Champion of Zin.
             Quit the game on level 2 of the Snake Pit on July 22, 2016.
             The game lasted 04:40:38 (41307 turns).

nubinia the Eclecticist (HEAE)                     Turns: 41307, Time: 04:40:38

Health: 40/92      AC: 15    Str:  7    XL:     15   Next: 77%
Magic:  31/35      EV: 21    Int: 23    God:    Zin [******]
Gold:   866        SH:  0    Dex: 23    Spells: 8 memorised, 21 levels left

rFire  . . .     SeeInvis .     b - +5 quarterstaff (protect)
rCold  . . .     Gourm    .     H - +2 robe {MR+}
rNeg   + . .     Faith    .     (shield currently unavailable)
rPois  .         Spirit   .     T - +1 helmet
rElec  .         Dismiss  .     (no cloak)
rCorr  .         Reflect  .     L - +2 pair of gloves {Dex+3}
SustAt .         Harm     .     j - +0 pair of boots
MR     ++...                    J - amulet of magic regeneration
Stlth  ++++++....               o - ring of stealth
                                R - ring of positive energy

@: deflect missiles, very resistant to hostile enchantments, very stealthy
A: no striking features
a: Recite, Vitalisation, Imprison, Sanctuary, Donate Gold, Cure All Mutations,
Renounce Religion


You were on level 2 of the Snake Pit.
You worshipped Zin.
Zin was exalted by your worship.
You were near starving.

You visited 5 branches of the dungeon, and saw 24 of its levels.
You also visited: Labyrinth.

You collected 2494 gold pieces.
You spent 1385 gold pieces at shops.
You donated 243 gold pieces to Zin.

Inventory:

Hand Weapons
 a - the +7 dagger of Yshru {pierce, MP+9}
   (You found it on level 10 of the Dungeon)

   It inflicts extra damage upon your enemies.
   It affects your magic capacity (+9).
 b - a +5 quarterstaff of protection (weapon)
 K - a +0 dagger of venom
Missiles
 N - 54 arrows
Armour
 i - a +2 robe of resistance
 j - a +0 pair of boots (worn)
 t - the +1 leather armour of the Doldrums {rPois rC- Str+4}
   (You bought it in a shop on level 2 of the Orcish Mines)

   It affects your strength (+4).
   It makes you vulnerable to cold.
   It protects you from poison.
 x - the +0 troll leather armour of Protective Custody {rElec Regen+ rCorr Str-4 Int-4}
   (You bought it in a shop on level 2 of the Orcish Mines)

   It affects your strength (-4).
   It affects your intelligence (-4).
   It insulates you from electricity.
   It increases your rate of regeneration.
   It protects you from acid and corrosion.
 H - a +2 robe of magic resistance (worn)
 L - a +2 pair of gloves of dexterity (worn)
 T - a +1 helmet (worn)
 X - a +0 buckler
Magical Staves
 y - an uncursed staff of wizardry
Jewellery
 l - a +3 ring of slaying
 o - a ring of stealth (right hand)
 J - an amulet of magic regeneration (around neck)
 R - a ring of positive energy (left hand)
Wands
 h - a wand of lightning (10/15)
 B - a wand of acid (12/15)
 E - a wand of iceblast (8/15)
 G - a wand of disintegration (10/24)
 P - a wand of slowing (37/48)
 W - a wand of disintegration (8/24)
Scrolls
 f - 2 scrolls of enchant armour
 g - 3 scrolls of enchant weapon
 k - a scroll of teleportation
 m - 3 scrolls of recharging
 p - 5 scrolls of remove curse
 q - 2 scrolls of summoning
 v - 2 scrolls of fog
 A - 13 scrolls of identify
Potions
 d - 3 potions of curing
 e - 4 potions of flight
 r - 6 potions of might
 s - a potion of resistance
 u - 3 potions of heal wounds
 D - a potion of beneficial mutation
 M - 2 potions of ambrosia
Miscellaneous
 Y - a fan of gales
Comestibles
 c - 8 bread rations
 n - 2 fruits
 w - 5 meat rations


   Skills:
 + Level 5.2 Fighting
 + Level 4.7 Short Blades
   Level 1.0 Polearms
 + Level 0.2(0.8) Staves
 + Level 2.2 Armour
 + Level 9.7 Dodging
 + Level 9.9 Stealth
 + Level 1.0 Shields
 + Level 15.2 Spellcasting
 + Level 13.4 Conjurations
 + Level 6.0 Charms
 + Level 14.9 Air Magic
 - Level 1.3 Poison Magic
 + Level 10.5 Invocations
 + Level 0.6 Evocations


You had 21 spell levels left.
You knew the following spells:

 Your Spells              Type           Power        Failure   Level  Hunger
a - Shock                 Conj/Air       ####         0%          1    None
b - Static Discharge      Conj/Air       ######..     1%          3    None
c - Mephitic Cloud        Conj/Pois/Air  ######..     1%          3    None
d - Lightning Bolt        Conj/Air       ######....   1%          5    ##.....
e - Sting                 Conj/Pois      ####         1%          1    None
f - Deflect Missiles      Chrm/Air       ######....   10%         6    ####...
r - Repel Missiles        Chrm/Air       ######       1%          2    None
s - Swiftness             Chrm/Air       ######..     1%          2    None


Dungeon Overview and Level Annotations

Branches:
Dungeon (13/15)            Temple (1/1) D:7            Lair (6/6) D:11
 Shoals (0/4) Lair:3        Snake (2/4) Lair:3        Slime (0/5) Lair:5
    Orc (2/2) D:9             Elf (0/3) Orc:2
 Vaults: D:13-14

Altars:
Ashenzari
Cheibriados
Dithmenos
Elyvilon
Fedhas
Gozag
Hepliaklqana
Kikubaaqudgha
Makhleb
Nemelex Xobeh
Okawaru
Pakellas
Qazlal
Ru
Sif Muna
Trog
Uskayaw
Vehumet
Xom
Yredelemnul
Zin
The Shining One

Shops:
D:4 !:   D:9 (([:*   Orc:2 [%}!

Portals:
Pandemonium: Orc:2

Annotations:
D:3 B1inky's ghost, amateur DgGl
D:5 Menkaure
Snake:1 magipi's ghost, journeyman MfIE


Message History

Found a spear.
A naga mage comes into view. It is wielding a whip.
The naga mage moves out of view.
Found a beef jerky.
Found a stone staircase leading down.
The shock serpent hisses angrily.
The shock serpent shoots out a bolt of lightning at you!
You deflect the bolt of electricity!
The shock serpent shoots out a bolt of lightning at you!
You deflect the bolt of electricity!
Found a scroll of identify.
There is a stone staircase leading down here.
You climb downwards.
An anaconda and a naga come into view.
Found a meat ration.
There is a stone staircase leading up here.
A naga comes into view. It is wielding a long sword.
A naga comes into view. It is wielding a war axe.
A greater naga comes into view. It is wielding a spear.
A mana viper comes into view.
Are you sure you want to abandon this character and quit the game? (Confirm with "yes".)

.........<.......
....................
#...................
....................
.........%..........
...N..............N.
...............#....
..............######
.......@......#
..............#
....#.#.......# .S.
###.......# .
##......# #......#
##N....# ##..N..


You could see a greater naga (sleeping), a mana viper (sleeping) and 2 nagas.

Vanquished Creatures
  An orc warlord (Orc:2)
  2 dire elephants
  A minotaur (Lab)
  Fannar (Lair:1)
  6 hydras
  An ice dragon (Lair:6)
  A tengu warrior (D:13)
  An ogre mage (D:12)
  11 death yaks
  4 orc high priests (Orc:2)
  A shock serpent (Snake:1)
  A naga sharpshooter (Lair:3)
  Nergalle (D:11)
  A fire crab (Lair:6)
  An infernal demonspawn (Orc:2)
  4 orc knights (Orc:2)
  2 torturous demonspawn (Orc:2)
  Pikel (D:7)
  2 lindwurms (Lair:6)
  A phantasmal warrior (D:13)
  5 oklob plants
  A griffon (Lair:6)
  An ugly thing (D:11)
  3 wolf spiders
  25 elephants
  4 sirens (Lair:3)
  10 orc sorcerers
  2 salamanders
  A cyclops (D:10)
  Joseph (D:10)
  A guardian serpent (Lair:5)
  15 black mambas
  8 torpor snails
  A water nymph (Lair:3)
  3 gargoyles
  20 spiny frogs
  2 rime drakes
  9 komodo dragons
  An ice devil (Orc:2)
  6 trolls
  A tengu conjurer (D:13)
  3 giant leeches (Lair:6)
  A minotaur skeleton (Lab)
  3 two-headed ogres
  Prince Ribbit (D:7)
  21 blink frogs
  A shadow (Lab)
  9 wyverns
  A redback (Lair:6)
  47 yaks
  A spriggan (Lair:2)
  7 basilisks
  2 neqoxecs (Orc:2)
  13 hippogriffs
  A chaos spawn (Orc:2)
  11 hungry ghosts
  Edmund (D:4)
  3 wargs (Orc:2)
  A mottled dragon (D:9)
  4 nagas
  6 porcupines
  26 water moccasins
  2 ice beasts
  43 orc warriors
  A sky beast (D:11)
  11 wasps
  5 phantoms
  12 wolves
  5 centaurs
  13 ogres
  19 crocodiles
  A big kobold (D:10)
  12 giant frogs
  An earth elemental (Lab)
  2 wyvern skeletons
  2 killer bees (D:8)
  2 scorpions
  5 wights (D:12)
  2 howler monkeys
  4 electric eels
  5 jellies
  2 giant frog zombies
  5 crimson imps
  A quasit (D:7)
  6 hounds
  2 giant frog skeletons
  A gnoll shaman (D:10)
  21 orc priests
  11 iguanas
  19 orc wizards
  8 worker ants
  30 sheep
  A hound zombie (D:11)
  A howler monkey skeleton (D:9)
  11 gnolls
  36 adders
  58 river rats
  2 shadow imps
  An ooze (D:2)
  An adder skeleton (D:5)
  3 worms
  4 dart slugs
  6 giant geckos
  95 orcs
  12 bats
  2 giant cockroaches
  6 goblins
  7 hobgoblins
  6 jackals
  3 kobolds
  4 quokkas
  A ball python (D:2)
  A giant gecko zombie (D:5)
  3 giant newts (D:1)
  A quokka skeleton (D:9)
  A quokka zombie (D:9)
  11 rats
  5 fungi
  7 plants
869 creatures vanquished.

Vanquished Creatures (collateral kills)
  A redback (Snake:1)
  A naga (Snake:1)
  A bush (Lair:6)
  A fungus (Lair:6)
4 creatures vanquished.

Vanquished Creatures (others)
  Duvessa (D:7)
  A slave (D:7)
  Dowan (D:7)
  An adder (D:7)
  22 bushes (Lair:6)
  115 fungi
  A pillar of salt (D:12)
  229 plants
  17 toadstools (Lair:3)
388 creatures vanquished.

Grand Total: 1261 creatures vanquished

Notes
Turn   | Place    | Note
-------+----------+-------------------------------------------
     0 | D:1      | nubinia the High Elf Air Elementalist began the quest for the Orb.
     0 | D:1      | Reached XP level 1. HP: 11/11 MP: 4/4
   497 | D:1      | Reached XP level 2. HP: 17/17 MP: 3/6
   501 | D:1      | Learned a level 2 spell: Repel Missiles
   549 | D:1      | Learned a level 2 spell: Swiftness
  1614 | D:2      | Reached skill level 3 in Spellcasting
  1614 | D:2      | Reached XP level 3. HP: 21/21 MP: 2/8
  1682 | D:2      | Found an oddly glowing altar of Pakellas.
  2184 | D:2      | Reached XP level 4. HP: 27/27 MP: 4/9
  2227 | D:2      | Gained mutation: Your mind is acute. (Int +2) [potion of mutation]
  2227 | D:2      | Gained mutation: You occasionally shout uncontrollably at your foes. [potion of mutation]
  2227 | D:2      | Gained mutation: You are resistant to hostile enchantments. (MR+) [potion of mutation]
  2423 | D:2      | Learned a level 3 spell: Static Discharge
  3041 | D:3      | Noticed B1inky's ghost (amateur DgGl)
  3142 | D:4      | Found Yceo's Distillery.
  3150 | D:4      | Bought a potion of heal wounds for 55 gold pieces
  3262 | D:4      | Reached skill level 5 in Air Magic
  3262 | D:4      | Reached XP level 5. HP: 31/31 MP: 6/11
  3412 | D:4      | Found Cipyulep's Book Shoppe.
  3448 | D:2      | Found an opulent altar of Gozag.
  3448 | D:2      | Found a sacrificial altar of Ru.
  3448 | D:2      | Found an ancient bone altar of Kikubaaqudgha.
  3555 | D:3      | Reached skill level 4 in Spellcasting
  4128 | D:4      | Noticed a phantom
  4161 | D:4      | Killed a phantom
  4161 | D:4      | Reached XP level 6. HP: 15/37 MP: 0/13
  4623 | D:4      | Noticed Edmund
  4719 | D:4      | Reached XP level 7. HP: 42/42 MP: 15/15
  5142 | D:4      | Reached skill level 1 in Fighting
  5142 | D:4      | Reached skill level 5 in Spellcasting
  5533 | D:4      | Killed Edmund
  5692 | D:5      | Entered Level 5 of the Dungeon
  5707 | D:5      | Noticed Menkaure
  6573 | D:5      | Reached XP level 8. HP: 48/48 MP: 8/17
  6614 | D:5      | Reached skill level 6 in Spellcasting
  7067 | D:5      | Reached skill level 5 in Conjurations
  7207 | D:6      | Got a pitted halberd
  7208 | D:6      | Identified the +5 halberd "Earthworm" {flame, Fragile rPois Str+5 Stlth+} (You found it on level 6 of the Dungeon)
  7409 | D:6      | Found a shimmering altar of Xom.
  7409 | D:6      | Found a shimmering altar of Xom.
  7413 | D:6      | Found a shimmering altar of Xom.
  7413 | D:6      | Found a shimmering altar of Xom.
  7413 | D:6      | Found a shimmering altar of Xom.
  7807 | D:6      | Identified the Collected Works on the Shifting Escort
  8536 | D:7      | Reached skill level 7 in Spellcasting
  8616 | D:7      | Noticed Prince Ribbit
  8621 | D:7      | Killed Prince Ribbit
  8772 | D:7      | Reached XP level 9. HP: 45/53 MP: 17/21
  8851 | D:7      | Noticed Dowan
  8852 | D:7      | Noticed Duvessa
  9334 | D:7      | Learned a level 5 spell: Lightning Bolt
  9356 | D:7      | Found a staircase to the Ecumenical Temple.
  9362 | Temple   | Entered the Ecumenical Temple
  9599 | Temple   | Became a worshipper of Zin the Law-Giver
  9599 | Temple   | Reached * piety under Zin
  9618 | D:7      | Noticed Pikel
  9643 | D:7      | Killed Pikel
  9643 | D:7      | Reached skill level 5 in Dodging
  9643 | D:7      | Reached skill level 8 in Spellcasting
  9986 | D:7      | Reached skill level 1 in Polearms
 10004 | D:7      | Killed Dowan
 10149 | D:7      | Killed Duvessa
 10307 | D:8      | Reached ** piety under Zin
 10451 | D:8      | Reached skill level 1 in Invocations
 10554 | D:8      | Got a twisted ring mail
 10555 | D:8      | Identified the cursed +0 ring mail of the Foremost Songs {+Blink} (You found it on level 8 of the Dungeon)
 10561 | D:8      | Reached skill level 9 in Spellcasting
 10644 | D:8      | Reached XP level 10. HP: 60/60 MP: 19/24
 11277 | D:9      | Found Ohej's Assorted Antiques.
 11277 | D:9      | Found Bokoniux's Antique Weapon Emporium.
 11277 | D:9      | Found Nauxo's Book Emporium.
 11526 | D:9      | Found a basalt altar of Yredelemnul.
 11609 | D:9      | Reached *** piety under Zin
 11679 | D:9      | Found a blossoming altar of Fedhas.
 11789 | D:9      | Found Ymuhuy's Armour Shoppe.
 12152 | D:9      | Found a staircase to the Orcish Mines.
 12188 | D:9      | Found Exze's Weapon Shoppe.
 12192 | D:9      | Reached **** piety under Zin
 12218 | D:9      | Reached skill level 10 in Air Magic
 12858 | D:9      | Found a blossoming altar of Fedhas.
 12858 | D:9      | Found a shadowy altar of Dithmenos.
 12859 | D:9      | Found a stormy altar of Qazlal.
 12945 | D:9      | Noticed an oklob plant
 12952 | D:9      | Killed an oklob plant
 12952 | D:9      | Reached skill level 10 in Spellcasting
 13058 | Orc:1    | Entered Level 1 of the Orcish Mines
 13068 | Orc:1    | Noticed an orc sorcerer
 13072 | Orc:1    | Killed an orc sorcerer
 13270 | D:10     | Entered Level 10 of the Dungeon
 13272 | D:10     | Noticed a cyclops
 13284 | D:10     | Killed a cyclops
 13284 | D:10     | Reached skill level 5 in Invocations
 13284 | D:10     | Reached XP level 11. HP: 54/66 MP: 22/26
 13356 | Orc:1    | Reached ***** piety under Zin
 13404 | Orc:2    | Entered Level 2 of the Orcish Mines
 13526 | Orc:2    | Found a staircase to the Elven Halls.
 14195 | D:4      | Bought a Young Poisoner's Handbook for 520 gold pieces
 14199 | D:4      | Learned a level 3 spell: Mephitic Cloud
 14468 | Orc:2    | Noticed an orc sorcerer
 14484 | Orc:2    | Killed an orc sorcerer
 14484 | Orc:2    | Reached skill level 5 in Stealth
 15001 | Orc:2    | Noticed an orc knight
 15956 | Orc:1    | Noticed an orc knight
 16234 | Orc:2    | Killed an orc knight
 16238 | Orc:2    | Found Uchenyce's Food Emporium.
 16241 | Orc:2    | Found Pimes's Distillery.
 16719 | Orc:2    | Noticed an orc warlord
 16904 | Orc:2    | Noticed an orc knight
 16905 | Orc:2    | Noticed an orc sorcerer
 16906 | Orc:2    | Noticed an orc sorcerer
 17346 | D:10     | Got a dazzling dagger
 17347 | D:10     | Identified the +7 dagger of Yshru {pierce, MP+9} (You found it on level 10 of the Dungeon)
 17483 | D:10     | Reached skill level 1 in Charms
 17822 | D:10     | Noticed Joseph
 17846 | D:10     | Zin protects you from harm!
 18333 | D:11     | Reached skill level 11 in Spellcasting
 18345 | D:11     | Noticed Nergalle
 18352 | D:11     | Killed Nergalle
 18494 | D:11     | Found a staircase to the Lair.
 18516 | D:11     | Got a jewelled hand crossbow
 18517 | D:11     | Identified the +4 hand crossbow of Action {flame, MP+9} (You found it on level 11 of the Dungeon)
 18528 | D:11     | Reached ****** piety under Zin
 18579 | Lair:1   | Entered Level 1 of the Lair of Beasts
 18953 | Lair:1   | Reached XP level 12. HP: 72/74 MP: 28/28
 19099 | Lair:1   | Noticed Fannar
 19107 | Lair:1   | Got a faintly glowing robe
 19159 | Lair:2   | Reached skill level 1 in Short Blades
 19159 | Lair:2   | Reached skill level 1 in Poison Magic
 19178 | Lair:2   | Identified the +1 robe of Inviolability {rN+ Int+4} (You found it on level 1 of the Lair of Beasts)
 20008 | Lair:1   | Killed Fannar
 20171 | Lair:1   | Upgraded the game from 0.19-a0-1007-g133f65f to 0.19-a0-1008-g4c63d25
 21309 | Lair:1   | Reached skill level 12 in Spellcasting
 21443 | Lair:2   | Reached skill level 10 in Conjurations
 22486 | Lair:2   | Noticed a dire elephant
 22730 | Lair:2   | Reached XP level 13. HP: 79/79 MP: 30/30
 22801 | Lair:2   | Lost mutation: Your mind is acute. (Int +2) [potion of cure mutation]
 22801 | Lair:2   | Lost mutation: You are resistant to hostile enchantments. (MR+) [potion of cure mutation]
 22801 | Lair:2   | Lost mutation: You occasionally shout uncontrollably at your foes. [potion of cure mutation]
 22890 | Lair:2   | Learned a level 1 spell: Sting
 23486 | Lair:3   | Found a staircase to the Snake Pit.
 24091 | Lair:3   | Found a staircase to the Shoals.
 25091 | Lair:3   | Noticed a dire elephant
 25091 | Lair:3   | Noticed a dire elephant
 25116 | Lair:3   | Killed a dire elephant
 26278 | Lair:4   | Reached skill level 13 in Spellcasting
 27457 | Lair:4   | Reached skill level 10 in Invocations
 28780 | D:12     | Reached XP level 14. HP: 82/86 MP: 32/32
 29970 | D:10     | Killed Joseph
 30393 | D:11     | Learned a level 6 spell: Deflect Missiles
 31899 | Lair:5   | Reached skill level 14 in Spellcasting
 32315 | Lair:5   | Reached skill level 1 in Shields
 32316 | Lair:5   | Found a staircase to the Slime Pits.
 32534 | Lair:6   | Entered Level 6 of the Lair of Beasts
 32568 | Lair:6   | Found a labyrinth entrance.
 32604 | Lab      | Entered a labyrinth
 32678 | Lab      | Found an exit through the horrors of the Abyss.
 32894 | Lab      | Found an exit through the horrors of the Abyss.
 33439 | Lab      | Got a jewelled chain mail
 33440 | Lab      | Identified the +4 chain mail of the Trilobite {rPois rC+} (You took it off a minotaur in a labyrinth)
 33911 | Lair:6   | Identified a scroll of acquirement
 34024 | Lair:6   | Got a pair of faintly glowing gloves
 34035 | Lair:6   | Identified the +0 pair of gloves "Konagi Huiz" {rCorr Int+2} (You acquired it on level 6 of the Lair of Beasts)
 34433 | Lair:6   | Reached skill level 5 in Fighting
 35244 | Lair:6   | Reached skill level 1 in Armour
 35304 | Lair:6   | Found a runed door.
 35749 | Lair:6   | Reached XP level 15. HP: 83/92 MP: 25/34
 36488 | Lair:6   | Reached skill level 5 in Charms
 39170 | Orc:2    | Killed an orc warlord
 39170 | Orc:2    | Reached skill level 15 in Spellcasting
 40424 | Orc:2    | Found Buwnyiwk's Antique Armour Boutique.
 40424 | Orc:2    | Found Ecitoq's Gadget Shop.
 40424 | Orc:2    | Found a one-way gate leading to the halls of Pandemonium.
 40426 | Orc:2    | Bought a warped leather armour for 210 gold pieces
 40426 | Orc:2    | Identified the +1 leather armour of the Doldrums {rPois rC- Str+4} (You bought it in a shop on level 2 of the Orcish Mines)
 40427 | Orc:2    | Bought a brightly glowing troll leather armour for 600 gold pieces
 40427 | Orc:2    | Identified the +0 troll leather armour of Protective Custody {rElec Regen+ rCorr Str-4 Int-4} (You bought it in a shop on level 2 of the Orcish Mines)
 40922 | Snake:1  | Entered Level 1 of the Snake Pit
 41195 | Snake:1  | Noticed magipi's ghost (journeyman MfIE)
 41302 | Snake:2  | Noticed a greater naga
 41307 | Snake:2  | Quit the game

Vault maps used:
D:1:      saegor_arrival_simple_d, serial_park_tiny_pond,
          hangedman_feature_mirror, st_stairs_4
D:2:      nicolae_overflow_hidden_temple, first_bread, minmay_fountain_box
D:3:      st_stairs_6, serial_park_tiny_1
D:4:      serial_shops, shop, nicolae_shop_statue_plus, uniq_edmund
D:5:      uniq_menkaure
D:6:      xom_redecorated, hangedman_decor_clover_reticule
D:7:      uniq_pikel, uniq_prince_ribbit1, uniq_duvessa
D:8:      grunt_livestock, fountainhead
D:9:      gammafunk_temple_overflow_claw, orc_david_3, serial_shops, shop, shop,
          shop, special_room, basic_altar, tgw_fedhas
D:10:     minivault_26, uniq_joseph
D:11:     lair_0_dummy, uniq_nergalle
D:12:     minmay_stone_box
D:13:     kennysheep_path_1
Temple:   eino_temple_water
Lair:1:   nicolae_quartered_pool_super, grunt_forest_small_clearing_treed,
          uniq_fannar
Lair:2:   mu_elephants_graveyard, serial_bayou_shore_a, serial_bayou_shore_b,
          serial_bayou_shore_b
Lair:3:   gammafunk_lair_enchanted_lake, elwin_shoals_entry_stream,
          guppyfry_snake_entry_island
Lair:4:   minmay_lair_venomous_thicket, grunt_megastairs_1
Lair:5:   minmay_slime_entry_oklob_open
Lair:6:   wormcave, hangedman_lair_tendril_chambers, serial_forest,
          infiniplex_forest_clump_long, infiniplex_forest_corner_2,
          infiniplex_forest_lined_corner, infiniplex_forest_clump_medium,
          infiniplex_forest_straight_3, infiniplex_forest_side_room,
          infiniplex_forest_end_3, infiniplex_forest_join,
          infiniplex_forest_lined_room_3, lab_entry_generic,
          serial_bayou_crossing
Snake:1:  st_stairs_9, spider_trap, grunt_ministairs_12
Snake:2:  st_stairs_12, evilmike_ambush, uniq_aizul, uniq_kirke
Orc:1:    rock_pile, uniq_erolcha
Orc:2:    pf_orc_diabolical
Lab:      labyrinth_watery, nicolae_lab_swirl, nicolae_lab_do_over,
          nicolae_lab_flowing_pool, nicolae_lab_blocks, lab_hedge,
          nicolae_lab_diamond, lab_statue, nicolae_lab_lava, nicolae_lab_statue,
          nicolae_lab_quarters, nicolae_lab_arrow, nicolae_lab_hexagon,
          nicolae_lab_big_swirl

Skill      XL: |  1  2  3  4  5  6  7  8  9 10 11 12 13 14 15 |
---------------+----------------------------------------------+-----
Air Magic      | 4 5 6 8 9 10 11 12 13 14 | 14.9
Spellcasting   | 3 4 5 7 9 10 11 12 13 14 15 | 15.2
Conjurations   | 2 3 4 6 7 8 9 10 11 12 13 | 13.4
Dodging        | 3 4 5 6 7 8 9 |  9.7
Stealth        | 3 4 6 8 9 |  9.9
Fighting       | 1 2 4 5 |  5.2
Polearms       | 1 |  1.0
Invocations    | 1 5 7 8 10 | 10.5
Charms         | 1 4 6 |  6.0
Short Blades   | 2 3 4 |  4.7
Poison Magic   | 1 |  1.3
Shields        | 1 |  1.0
Armour         | 1 2 |  2.2
Staves         | |  0.2
Evocations     | |  0.6

Action                   |  1- 3 |  4- 6 |  7- 9 | 10-12 | 13-15 || total
-------------------------+-------+-------+-------+-------+-------++-------
Melee: Unarmed           |     1 |       |       |       |       ||     1
       Dagger            |    36 |    15 |       |   173 |   682 ||   906
       Morningstar       |       |    20 |    17 |       |       ||    37
       Halberd           |       |       |    27 |   257 |       ||   284
       Quarterstaff      |       |       |       |       |     3 ||     3
 Cast: Shock             |    68 |    95 |   170 |   486 |   833 ||  1652
       Repel Missiles    |     1 |       |       |     2 |       ||     3
       Static Discharge  |       |     9 |    54 |    81 |   233 ||   377
       Swiftness         |       |     1 |     1 |     9 |    12 ||    23
       Lightning Bolt    |       |       |       |    51 |   119 ||   170
       Mephitic Cloud    |       |       |       |    70 |   177 ||   247
       Sting             |       |       |       |       |    19 ||    19
       Deflect Missiles  |       |       |       |       |     3 ||     3
Invok: Recite            |       |       |       |    32 |    25 ||    57
       Vitalisation      |       |       |       |     3 |     3 ||     6
       Sanctuary         |       |       |       |       |     3 ||     3
Evoke: Wand              |       |       |       |     1 |    19 ||    20
       Fan of gales      |       |       |       |       |     1 ||     1
  Use: Scroll            |       |     7 |     4 |    14 |    21 ||    46
       Potion            |       |     1 |     1 |     1 |    11 ||    14
 Stab: Sleeping          |     1 |     3 |     3 |     7 |    14 ||    28
       Confused          |       |       |       |    34 |    91 ||   125
       Paralysed         |       |       |       |     6 |     5 ||    11
       Invisible         |       |       |       |     6 |     4 ||    10
       Distracted        |       |       |       |       |     2 ||     2
  Eat: Chunk             |     4 |     8 |    16 |    24 |    48 ||   100
       Beef jerky        |       |       |     1 |     1 |     4 ||     6
       Pizza             |       |       |     1 |     4 |     1 ||     6
       Fruit             |       |       |       |     3 |    14 ||    17
       Meat ration       |       |       |       |     2 |       ||     2
       Bread ration      |       |       |       |       |     1 ||     1
       Royal jelly       |       |       |       |       |     1 ||     1
Armor: Robe              |     4 |    15 |     6 |    37 |    73 ||   135
       Leather armour    |       |       |       |       |    54 ||    54
Dodge: Dodged            |    40 |    38 |    74 |   296 |   545 ||   993
       Deflected         |       |       |     4 |     9 |    21 ||    34
Block: Buckler           |       |       |       |    10 |    64 ||    74
